 Dungeon Crawl Stone Soup version 0.31-a0-702-gf82c85558f (webtiles) character file.

Game seed: 1772534998261670931

79 qw the Shooter (level 4, -11/28 HPs)
             Began as a Gargoyle Hunter on Sept 8, 2023.
             Was an Initiate of Okawaru.
             Killed by divine providence
             ... invoked by an orc priest
              (13 damage)
             ... on level 3 of the Dungeon.
             The game lasted 00:00:42 (1608 turns).

qw the Shooter (Gargoyle Hunter)                    Turns: 1608, Time: 00:00:42

Health: -11/28     AC:  8    Str: 14    XL:     4   Next: 37%
Magic:  4/4        EV: 10    Int: 10    God:    Okawaru [......]
Gold:   94         SH:  0    Dex: 15    Spells: 3/3 levels left

rFire   + . .        Y - +0 shortbow
rCold   + . .        (shield currently unavailable)
rNeg    + + .        k - +0 ring mail
rPois   inf          (no helmet)
rElec   +            a - scarf {rC+ rF+}
rCorr   .            (no gloves)
SInv    .            (no boots)
Will    .....        (no amulet)
Stlth   +            i - ring of positive energy
HPRegen 0.24/turn    (no ring)
MPRegen 0.09/turn

%: no passive effects
@: no status effects
A: sickness immunity, AC +3, negative energy resistance 1, electricity
resistance, torment resistance 1, petrification resistance
a: Renounce Religion


You were on level 3 of the Dungeon.
You worshipped Okawaru.
Okawaru was noncommittal.
You visited 1 branch of the dungeon, and saw 3 of its levels.

You collected 118 gold pieces.
You spent 24 gold pieces at shops.


Innate Abilities, Weirdness & Mutations

You are immune to sickness and miasma.
Your stone body is resilient. (AC +3)
You are immune to poison.
You resist negative energy. (rN+)
You are resistant to electric shocks. (rElec)
You are resistant to unholy torment.
You are immune to petrification.


   Skills:
 - Level 3.2 Fighting
 - Level 5.1 Ranged Weapons
 + Level 0.8 Armour
 - Level 1.5 Dodging
 - Level 1.1 Stealth


You had 3 spell levels left.
You didn't know any spells.
Your spell library was empty.

Inventory:

Hand Weapons
 Y - a +0 shortbow (weapon)
Armour
 a - a scarf of resistance (worn)
 e - a +0 pair of boots
 k - a +0 ring mail (worn)
Jewellery
 i - a ring of positive energy (left hand)
Scrolls
 b - a scroll of identify
 c - a scroll of amnesia {unknown}
Potions
 d - a potion of haste {unknown}
 f - a potion of attraction {unknown}
 g - 2 potions of curing
 j - a potion of enlightenment {unknown}

Dungeon Overview and Level Annotations

Branches:
Dungeon (3/15)

Altars:
Cheibriados
Okawaru

Shops:
D:2 :([**


Message History

e - a +0 pair of boots
Found 2 stones.
An orc comes into view. It is wielding a +0 hand axe.
You shoot an arrow.
The arrow hits the orc but does no damage.
You hear a shout!
An orc priest comes into view. It is wielding a +0 club.
You hear a shout!
You shoot an arrow. The arrow hits the orc priest.
The orc priest is lightly wounded.
You shoot an arrow.
The arrow closely misses the orc priest.
The orc priest looks braver for a moment.
An orc wizard comes into view. It is wielding a +2 dagger of flaming.
You shoot an arrow. The arrow barely misses the orc priest.
The orc priest hits you with a +0 club.
You shoot an arrow. The arrow hits the orc priest.
The orc priest is heavily wounded.
The orc priest closely misses you.
Enter note:
1604 |||
Found retreat position at 0,1 (floor) with 0 blocking monsters and 1 monsters attacking at destination at distance 1
Enter note:
1604 ||| Stepping ~*~*~tactically~*~*~ (retreating).
You shoot an arrow. The arrow hits the orc.
The orc is severely wounded.
An orc wizard comes into view. It is wielding a +0 dagger.
You shoot an arrow. The arrow barely misses the orc.
The orc wizard shouts!
The orc priest invokes the aid of Beogh against you.
Beogh smites you!
Ouch! That really hurt!
The orc wizard casts a spell.
The orc wizard flickers and vanishes!
Deactivating autopickup; reactivate with Ctrl-A.
You shoot an arrow. The arrow barely misses the orc.
The orc hits you with a +0 hand axe. x2
You shoot an arrow. The arrow closely misses the orc.
The orc priest mumbles some strange prayers to Beogh against you.
Beogh smites you!
You die...

... #.. #(. #.. .. #o##
#o{# #o# #@### ....#
..###...#######....
#....................
#######...#######....##
#......###......#
#...##...#.#.....
########.#.#.##.#
#...#.##.## ##..#.##.#.


You could see an orc priest, an orc wizard and an orc.

Vanquished Creatures
  3 adders
  A worm (D:2)
  2 dart slugs (D:2)
  3 ball pythons
  6 bats
  3 giant cockroaches
  9 goblins
  2 hobgoblins
  A quokka (D:2)
  A frilled lizard (D:1)
  8 kobolds
  7 rats
46 creatures vanquished.

Notes
Turn   | Place    | Note
-------+----------+-------------------------------------------
     0 | D:1      | qw the Gargoyle Hunter began the quest for the Orb.
     0 | D:1      | Reached XP level 1. HP: 12/12 MP: 1/1
     0 | D:1      | 0 ||| qw: Version: 0.3-a-76-g4403597
     0 | D:1      | 0 ||| qw: Game counter: 1197
     0 | D:1      | 0 ||| qw: Melee chars always use a shield: true
     0 | D:1      | 0 ||| qw: God list: Okawaru
     0 | D:1      | 0 ||| qw: Allow faded altars: false
     0 | D:1      | 0 ||| qw: Do Orc after clearing Dungeon:15 true
     0 | D:1      | 0 ||| qw: Do second Lair branch before Depths: true
     0 | D:1      | 0 ||| qw: Lair rune preference: random
     0 | D:1      | 0 ||| qw: Goals: Normal
     0 | D:1      | 0 ||| PLANNING D:1-11
   371 | D:1      | Reached XP level 2. HP: 17/17 MP: 2/2
   690 | D:1      | 690 ||| UPGRADING to ring of positive energy.
   691 | D:1      | 691 ||| READING scroll labelled HUOCIF VOFEC.
   696 | D:1      | 696 ||| READING scroll labelled QEUWUH PAH PAYSCH.
   706 | D:1      | 706 ||| DRINKING 2 fuming ruby potions.
   707 | D:1      | 707 ||| DROPPING scroll of butterflies.
   743 | D:2      | Found a faded altar of an unknown god.
   788 | D:2      | Reached XP level 3. HP: 21/21 MP: 3/3
   802 | D:2      | Found Laitozy's Book Emporium.
   804 | D:2      | Reached skill level 5 in Ranged Weapons
  1034 | D:2      | Found Orrexe's General Store.
  1065 | D:2      | 1065 ||| SHOPLISTING +3 ring mail (252 gold, have 83).
  1065 | D:2      | 1065 ||| BUYING scroll of identify (24 gold).
  1065 | D:2      | Bought a scroll of identify for 24 gold pieces
  1084 | D:2      | Found Gupn's Antique Armour Shop.
  1090 | D:2      | 1090 ||| SHOPLISTING helmet (90 gold, have 59).
  1090 | D:2      | 1090 ||| SHOPLISTING runed hat (140 gold, have 59).
  1090 | D:2      | 1090 ||| SHOPLISTING runed ring mail (140 gold, have 59).
  1104 | D:2      | Found Nuuffuhaukh's Weapon Emporium.
  1164 | D:2      | Reached skill level 3 in Fighting
  1216 | D:2      | Reached XP level 4. HP: 28/28 MP: 4/4
  1343 | D:2      | Found Reyseo's General Store.
  1456 | D:2      | 1456 ||| UPGRADING to scarf of resistance.
  1461 | D:2      | 1461 ||| UPGRADING to +0 ring mail.
  1471 | D:2      | 1471 ||| DROPPING +0 leather armour.
  1472 | D:2      | 1472 ||| READING 4 scrolls labelled TELORU QINTAOH.
  1473 | D:2      | 1473 ||| READING scroll labelled CIAHAT UNIRCHIE.
  1474 | D:2      | 1474 ||| DROPPING 3 scrolls of fog.
  1502 | D:3      | Found an iron altar of Okawaru.
  1503 | D:3      | 1503 ||| PLANNING OKAWARU WORSHIP
  1505 | D:3      | Found a snail-covered altar of Cheibriados.
  1510 | D:3      | Became a worshipper of Warmaster Okawaru
  1511 | D:3      | 1511 ||| PLANNING D:1-11
  1604 | D:3      | 1604 ||| Stepping ~*~*~tactically~*~*~ (retreating).
  1607 | D:3      | HP: 7/28 [orc/+0 hand axe (6)]
  1607 | D:3      | HP: 2/28 [orc/+0 hand axe (5)]
  1608 | D:3      | Killed from afar by an orc priest

Levels and vault maps discovered:
D:1:      lemuel_arrival_behind_the_door_large, layout_loops_ring
D:2:      layout_loops_ring, serial_shops, nicolae_shop_bloodbath_and_beyond,
          nicolae_diamond_shop, nicolae_shop_window_shopping, shop, shop,
          nicolae_ecumenical_oubliette
D:3:      layout_basic, nicolae_hepliaklqana_monster_ancestors,
          chequers_temple_overflow_statue_of_worship, serial_curves,
          eino_curves_02, eino_curves_03

Skill      XL: |  1  2  3 |
---------------+----------+-----
Ranged Weapons | 5 |  5.1
Fighting       | 3 |  3.2
Armour         | |  0.8
Dodging        | |  1.5
Stealth        | |  1.1

Action                     |  1- 3 |  4- 6 || total
---------------------------+-------+-------++-------
   Fire: Shortbow          |   128 |    39 ||   167
    Use: Scroll            |     2 |     2 ||     4
         Potion            |     1 |       ||     1
 Armour: Leather armour    |    21 |     7 ||    28
         Ring mail         |       |    12 ||    12
  Dodge: Dodged            |    22 |    18 ||    40

Table legend:
 A = Non-vault XP
 B = Vault XP
 C = Vault XP percentage of total XP
 D = Non-vault monster count
 E = Vault monster count
 F = Vault count percentage of total count
                 A         B        C        D         E       F
            +---------+---------+-------+---------+---------+-------
      Total |     113 |       0 |   0.0 |      46 |       0 |   0.0
            +---------+---------+-------+---------+---------+-------
        D:1 |      33 |       0 |   0.0 |      21 |       0 |   0.0
        D:2 |      65 |       0 |   0.0 |      23 |       0 |   0.0
        D:3 |      15 |       0 |   0.0 |       2 |       0 |   0.0
            +---------+---------+-------+---------+---------+-------
